[Event "Titled Tuesday Blitz April 11 Early 2023"]
[White "Yuan, Qingyu"]
[Black "ilya2700"]
[WhiteFideId "8609772"]
[WhiteElo "2359"]
[BlackElo "2290"]
[Result "1-0"]
[Round "06"]
[TimeControl "180+2"]
[Date "2023.04.11"]
[WhiteClock "0:00:26"]
[BlackClock "0:01:07"]

1. d4 Nf6 2. c4 g6 3. Nf3 Bg7 4. g3 d6 5. Bg2 O-O 6. O-O c5 7. Nc3 Nc6 8. h3 Bd7 9. Be3 cxd4 10. Nxd4 a6 11. Qd2 Rc8 12. b3 Qc7 13. Rac1 e5 14. Nxc6 Bxc6 15. Nd5 Bxd5 16. Bxd5 Nxd5 17. Qxd5 Rfd8 18. Rfd1 Bf8 19. a4 Qc6 20. a5 Qxd5 21. Rxd5 Rc6 22. Rcd1 Rdc8 23. Kg2 f5 24. g4 f4 25. Bb6 Kf7 26. Kf3 Ke6 27. Ke4 Be7 28. R1d3 Bf6 29. Rd2 g5 30. Rd1 h6 31. R5d2 Bg7 32. e3 Bf6 33. Rd5 Bg7 34. c5 dxc5 35. Rd7 Bf6 36. Rxb7 c4 37. bxc4 Rxc4+ 38. Kf3 e4+ 39. Kg2 f3+ 40. Kf1 Rc1 41. Rd7 R1c2 42. R1d6+ Ke5 43. Bd4# 1-0


[Site "https://www.chess.com"]

[Event "Titled Tuesday Blitz April 11 Early 2023"]
[White "TimGrutter03"]
[Black "Samadov, Read"]
[BlackFideId "13417444"]
[WhiteElo "2591"]
[BlackElo "2355"]
[Result "0-1"]
[Round "06"]
[TimeControl "180+2"]
[Date "2023.04.11"]
[WhiteClock "0:00:02"]
[BlackClock "0:00:28"]

1. e4 c5 2. Nf3 d6 3. d4 cxd4 4. Nxd4 Nf6 5. Nc3 a6 6. h4 Nbd7 7. h5 h6 8. f4 e6 9. Qf3 Qc7 10. Nb3 b5 11. Bd3 Bb7 12. Bd2 b4 13. Ne2 a5 14. g4 Be7 15. g5 hxg5 16. fxg5 Ne5 17. Qg3 Nxe4 18. Bxe4 Bxe4 19. Rf1 Rxh5 20. Nbd4 Rc8 21. Rc1 Qb7 22. Qf2 Bxc2 23. Nf4 Qe4+ 24. Qe3 Rxg5 25. Qxe4 Bxe4 26. Rxc8+ Kd7 27. Rc1 Rg4 28. Be3 g5 29. Nb5 Bc6 30. Nd4 gxf4 31. Nxc6 Nd3+ 32. Kd2 Nxc1 33. Rxc1 fxe3+ 34. Ke2 Rg2+ 35. Kf3 Rf2+ 36. Kg3 Bg5 37. Nb8+ Ke7 38. Nc6+ Kf6 39. Nxa5 Rxb2 40. Rf1+ Kg6 41. Nc4 Rxa2 42. Re1 Rc2 43. Nxe3 Rc3 0-1


[Site "https://www.chess.com"]

[Event "Titled Tuesday Blitz April 11 Early 2023"]
[White "Ibadov, Dashgyn"]
[Black "Gharibyan, Mamikon"]
[WhiteFideId "24107514"]
[BlackFideId "13308300"]
[WhiteElo "2208"]
[BlackElo "2445"]
[Result "1-0"]
[Round "06"]
[TimeControl "180+2"]
[Date "2023.04.11"]
[WhiteClock "0:00:02"]
[BlackClock "0:00:02"]

1. e4 c5 2. Nf3 Nc6 3. Bb5 e5 4. O-O Bd6 5. c3 a6 6. Ba4 b5 7. Bb3 c4 8. Bc2 Nf6 9. d4 cxd3 10. Qxd3 Bc5 11. Bg5 h6 12. Bh4 d6 13. Rd1 g5 14. Bg3 b4 15. Ba4 Bd7 16. Nbd2 bxc3 17. bxc3 Na5 18. Bxd7+ Nxd7 19. Nb3 Nxb3 20. axb3 a5 21. Nd2 Ke7 22. Nc4 Qc7 23. h4 g4 24. h5 f6 25. Qe2 Rhg8 26. Rd3 Nf8 27. Qd2 Ne6 28. Qxh6 Rg5 29. Bh4 Nf4 30. Bxg5 Nxd3 31. Qxf6+ Kd7 32. Rd1 Nxf2 33. Nxe5+ Kc8 34. Qe6+ Kb7 35. Qd5+ Ka7 36. Nc6+ Kb6 37. Nd4 Nxd1 38. Qxa8 Nxc3 39. Be3 Nxe4 40. b4 axb4 41. Qa4 g3 42. Qb5+ Ka7 43. Nc6+ Ka8 44. Qa6+ Ba7 45. Bxa7 Qb7 46. Qxb7+ Kxb7 47. h6 Ng5 48. Be3 1-0


[Site "https://www.chess.com"]

[Event "Titled Tuesday Blitz April 11 Early 2023"]
[White "Siva Mahadevan"]
[Black "Jeet, Jain"]
[WhiteFideId "25043153"]
[BlackFideId "5073022"]
[WhiteElo "2249"]
[BlackElo "2067"]
[Result "1/2-1/2"]
[Round "06"]
[TimeControl "180+2"]
[Date "2023.04.11"]
[WhiteClock "0:00:18"]
[BlackClock "0:00:26"]

1. e4 c6 2. d4 d5 3. e5 c5 4. Nf3 Nc6 5. c4 cxd4 6. Nxd4 Nxe5 7. cxd5 Qxd5 8. Nc3 Qa5 9. Bb5+ Bd7 10. Qe2 Nc6 11. Nb3 Qc7 12. Nd5 Qd6 13. Ne3 Nf6 14. Nc4 Qc7 15. O-O a6 16. Bxc6 Bxc6 17. Be3 e6 18. Bb6 Qf4 19. Nd4 Bd5 20. Ne3 Bd6 21. g3 Qe4 22. f3 Qg6 23. Nef5 Bb8 24. Rac1 Kd7 25. Nh4 Qh5 26. Rfd1 Bd6 27. Bc5 Bxc5 28. Rxc5 Rhc8 29. Qc2 g5 30. Nhf5 Qg6 31. Rxc8 Rxc8 32. Qa4+ b5 33. Qxa6 exf5 34. Nxb5 Rc6 35. Qb7+ Ke8 36. Nc7+ Rxc7 37. Qxc7 Kf8 38. Qd8+ Kg7 39. Rxd5 Nxd5 40. Qxd5 Qb6+ 41. Kf1 Qxb2 42. Qxf5 Qa1+ 43. Kg2 Qxa2+ 44. Kh3 h6 45. Qe5+ Kg6 46. Qe4+ Kg7 47. Qe5+ Kg6 48. Qd6+ Qe6+ 49. Qxe6+ fxe6 50. Kg4 h5+ 51. Kh3 e5 52. Kg2 Kf5 53. Kf2 e4 54. Ke3 exf3 55. Kxf3 g4+ 56. Ke3 Ke5 57. Kd3 Kd5 58. Ke3 Ke5 59. Kd3 Kd5 60. Ke3 Ke5 1/2-1/2


[Site "https://www.chess.com"]

[Event "Titled Tuesday Blitz April 11 Early 2023"]
[White "Ashraf, Artin"]
[Black "MKlose11"]
[WhiteFideId "22514805"]
[WhiteElo "2188"]
[BlackElo "2583"]
[Result "1-0"]
[Round "06"]
[TimeControl "180+2"]
[Date "2023.04.11"]
[WhiteClock "0:00:06"]
[BlackClock "0:00:02"]

1. d4 Nf6 2. Nc3 d5 3. Bf4 e6 4. Nb5 Na6 5. e3 c6 6. Nc3 Nc7 7. Nf3 Bd6 8. Ne5 O-O 9. Bd3 c5 10. Bg5 c4 11. Be2 b5 12. a3 Bb7 13. O-O a5 14. f3 Be7 15. Qe1 Nd7 16. Bxe7 Qxe7 17. f4 b4 18. Na4 Nxe5 19. fxe5 Bc6 20. Nc5 Rfb8 21. axb4 Rxb4 22. Rxa5 Rxb2 23. Rxa8+ Bxa8 24. Bh5 g6 25. Bd1 Bc6 26. h4 Kg7 27. h5 Qg5 28. Qf2 Be8 29. Nd7 Rb1 30. Nf6 Qf5 31. Qg3 Qxf1+ 32. Kxf1 Rxd1+ 33. Ke2 Rc1 34. Kd2 Rb1 35. Qf4 Ba4 36. Ng4 gxh5 37. Qh6+ Kg8 38. Nf6+ Kh8 39. Qf8# 1-0


[Site "https://www.chess.com"]

[Event "Titled Tuesday Blitz April 11 Early 2023"]
[White "Filgueira, Hernan"]
[Black "Costachi, Mihnea"]
[WhiteFideId "101770"]
[BlackFideId "1217518"]
[WhiteElo "2363"]
[BlackElo "2456"]
[Result "1-0"]
[Round "06"]
[TimeControl "180+2"]
[Date "2023.04.11"]
[WhiteClock "0:00:41"]
[BlackClock "0:00:08"]

1. c4 Nf6 2. Nc3 e6 3. d4 d5 4. Bg5 a6 5. cxd5 exd5 6. e3 c6 7. Qc2 Be6 8. Bd3 Bd6 9. Nge2 Nbd7 10. Nf4 O-O 11. Bxh7+ Kh8 12. Bd3 Qc7 13. Nfe2 Rfe8 14. Bf4 b5 15. Bxd6 Qxd6 16. h3 a5 17. O-O Nb6 18. Rac1 g6 19. Nf4 Kg7 20. Nce2 Bd7 21. Qc5 Qb8 22. Ng3 Na4 23. Qc2 Rh8 24. b3 Nb6 25. Rfe1 a4 26. Qc5 Nc8 27. Qc2 Nd6 28. f3 Qb6 29. Qf2 axb3 30. axb3 g5 31. Nfe2 Rae8 32. Nc3 Rh4 33. Ra1 Reh8 34. Bf1 Qc7 35. Rac1 Qb8 36. Na2 Nh5 37. Nxh5+ R4xh5 38. Nb4 Qb6 39. Nd3 f6 40. Nc5 Bc8 41. Ra1 f5 42. Qg3 Nf7 43. Ra8 b4 44. Rea1 g4 45. fxg4 fxg4 46. Rxc8 Rxc8 47. Qxg4+ Rg5 48. Qxc8 Qd8 49. Qxd8 Nxd8 50. Ra7+ Kf6 51. Rd7 Nf7 52. Rc7 Rg7 53. Rxc6+ Kg5 54. Be2 Kh4 55. Rc7 Ng5 56. Rxg7 Nf3+ 57. gxf3 Kxh3 58. f4 Kh4 59. f5 Kh3 60. f6 Kh4 61. f7 Kh3 62. f8=Q Kh4 63. Qh8# 1-0


[Site "https://www.chess.com"]

[Event "Titled Tuesday Blitz April 11 Early 2023"]
[White "Kim, Sergey"]
[Black "Zemlyanskii, Ivan"]
[WhiteFideId "13700570"]
[BlackFideId "24249971"]
[WhiteElo "2580"]
[BlackElo "2419"]
[Result "0-1"]
[Round "06"]
[TimeControl "180+2"]
[Date "2023.04.11"]
[WhiteClock "0:00:50"]
[BlackClock "0:00:34"]

1. d4 d5 2. c4 c6 3. Nf3 Nf6 4. Qc2 g6 5. e3 Bf5 6. Bd3 Bxd3 7. Qxd3 Bg7 8. Nc3 O-O 9. O-O Nbd7 10. e4 dxe4 11. Nxe4 Re8 12. Re1 Nxe4 13. Qxe4 e5 14. Bg5 f6 15. Bh4 Qb6 16. c5 Qa5 17. a3 f5 18. Qc2 Qb5 19. b4 h6 20. dxe5 Nxe5 21. Qb3+ Qc4 22. Qxc4+ Nxc4 23. Bg3 Bxa1 24. Rxa1 g5 25. Bd6 Nxd6 26. cxd6 Rad8 27. Rd1 Re6 28. h4 g4 29. Nh2 Rexd6 0-1


[Site "https://www.chess.com"]

[Event "Titled Tuesday Blitz April 11 Early 2023"]
[White "Pham, Le Thao Nguyen"]
[Black "Galchenko, Matvey"]
[WhiteFideId "12401226"]
[BlackFideId "24175480"]
[WhiteElo "2286"]
[BlackElo "2423"]
[Result "0-1"]
[Round "06"]
[TimeControl "180+2"]
[Date "2023.04.11"]
[WhiteClock "0:00:10"]
[BlackClock "0:00:04"]

1. d4 d5 2. Nf3 Bf5 3. c4 e6 4. Nc3 Nf6 5. Qb3 Nc6 6. a3 Na5 7. Qa4+ c6 8. c5 b6 9. b4 Nb7 10. Qxc6+ Qd7 11. Qxd7+ Kxd7 12. Ne5+ Ke8 13. Bg5 Be7 14. e3 h6 15. Bb5+ Kf8 16. Bh4 g5 17. Bg3 bxc5 18. bxc5 Na5 19. O-O Kg7 20. Ra2 a6 21. Be2 Rhc8 22. Rb2 Ra7 23. Rb6 Nc4 24. Nxc4 dxc4 25. Bxc4 Bxc5 26. Rxa6 Bb6 27. Rxb6 Rxc4 28. Nb5 Ra5 29. Be5 Kg6 30. Nd6 Rc2 31. h3 Ne4 32. Nxe4 Bxe4 33. Bd6 Bd3 34. Rd1 Be4 35. Bb4 Rf5 36. Re1 Rfxf2 37. Bd6 Rxg2+ 38. Kf1 Rcf2# 0-1


[Site "https://www.chess.com"]

[Event "Titled Tuesday Blitz April 11 Early 2023"]
[White "Harsh Suresh"]
[Black "Shevtchenko, Olesya"]
[WhiteFideId "45018464"]
[BlackFideId "24131890"]
[WhiteElo "2227"]
[BlackElo "2003"]
[Result "1-0"]
[Round "06"]
[TimeControl "180+2"]
[Date "2023.04.11"]
[WhiteClock "0:00:16"]
[BlackClock "0:00:04"]

1. e4 c6 2. Nf3 d5 3. d3 Qc7 4. Nc3 dxe4 5. dxe4 e5 6. Bc4 b5 7. Bb3 b4 8. Ne2 h6 9. O-O Nf6 10. Re1 Bc5 11. Ng3 a5 12. Qe2 Ng4 13. Rf1 O-O 14. h3 Nf6 15. Bc4 Nbd7 16. Be3 a4 17. Rfd1 a3 18. b3 Bxe3 19. Qxe3 Nb6 20. Bf1 c5 21. Nh4 Be6 22. Nhf5 Rfd8 23. Be2 Rd4 24. Nxd4 cxd4 25. Qd2 Qc5 26. Bd3 Rc8 27. Ne2 Nh5 28. f4 exf4 29. Nxf4 Nxf4 30. Qxf4 Nd7 31. Qf2 Ne5 32. Bf1 Rd8 33. Rd2 f6 34. Rad1 Nc6 35. Kh1 Bf7 36. Qg3 Bh5 37. Be2 Bxe2 38. Rxe2 Ne5 39. Red2 Nc6 40. Rf2 Qe5 41. Qd3 Qc5 42. Rdd2 Ne5 43. Qg3 Rc8 44. Rxf6 d3 45. Rff2 dxc2 46. Rxc2 Qxc2 47. Rxc2 Rxc2 48. Qxe5 Rxa2 49. Qb8+ Kh7 50. Qxb4 Ra1+ 51. Kh2 a2 52. Qa3 Kg6 53. b4 Kg5 54. Qg3+ Kf6 55. Qc3+ 1-0


[Site "https://www.chess.com"]

[Event "Titled Tuesday Blitz April 11 Early 2023"]
[White "Mahdavi, Reza"]
[Black "Cori T., Deysi"]
[WhiteFideId "12595926"]
[BlackFideId "3801934"]
[WhiteElo "2357"]
[BlackElo "2292"]
[Result "1-0"]
[Round "06"]
[TimeControl "180+2"]
[Date "2023.04.11"]
[WhiteClock "0:01:37"]
[BlackClock "0:00:11"]

1. Nf3 d6 2. d4 g6 3. g3 Bg7 4. b3 Nd7 5. Bb2 e5 6. dxe5 Nxe5 7. Nxe5 dxe5 8. Qxd8+ Kxd8 9. Nd2 f6 10. O-O-O Ne7 11. Bg2 Ke8 12. Nc4 Kf7 13. Ba3 Rb8 14. Rd2 Be6 15. Na5 b6 16. Bxe7 bxa5 17. Bc5 a4 18. Rhd1 axb3 19. axb3 a5 20. Rd7+ Bxd7 21. Rxd7+ Ke6 22. Re7+ Kf5 23. e4+ Kg4 24. h3+ Kg5 25. Be3+ 1-0


[Site "https://www.chess.com"]

[Event "Titled Tuesday Blitz April 11 Early 2023"]
[White "Royal, Shreyas"]
[Black "Mikhailovsky, Vladimir"]
[WhiteFideId "448869"]
[BlackFideId "34105414"]
[WhiteElo "2331"]
[BlackElo "2275"]
[Result "0-1"]
[Round "06"]
[TimeControl "180+2"]
[Date "2023.04.11"]
[WhiteClock "0:02:04"]
[BlackClock "0:02:08"]

1. e4 e5 2. Nf3 d5 3. d3 Nc6 4. exd5 Qxd5 5. Nc3 Bb4 6. Bd2 Bxc3 7. Bxc3 Nf6 8. Qe2 O-O 9. O-O-O Qxa2 10. Nxe5 Re8 11. d4 Nd5 12. Qc4 Nxc3 13. bxc3 Qa3+ 14. Kb1 Be6 15. d5 Nxe5 16. Qxc7 Bf5 0-1


[Site "https://www.chess.com"]

[Event "Titled Tuesday Blitz April 11 Early 2023"]
[White "Vakhidov, Shahzod"]
[Black "Samunenkov, Ihor"]
[WhiteFideId "14205270"]
[BlackFideId "14187086"]
[WhiteElo "2212"]
[BlackElo "2457"]
[Result "1-0"]
[Round "06"]
[TimeControl "180+2"]
[Date "2023.04.11"]
[WhiteClock "0:00:03"]
[BlackClock "0:00:01"]

1. d4 d5 2. Nf3 e6 3. g3 Nf6 4. Bg2 c5 5. O-O cxd4 6. Nxd4 e5 7. Nf3 Nc6 8. c4 d4 9. e3 Be7 10. exd4 exd4 11. Bf4 O-O 12. Ne5 Qb6 13. Nd2 Nxe5 14. Bxe5 Qxb2 15. Nb3 Rd8 16. Bxd4 Qa3 17. Qe2 Bg4 18. Qe3 Rac8 19. c5 Rd7 20. Rfe1 Bf5 21. Bxf6 gxf6 22. Qf4 Bg6 23. Bh3 f5 24. Bxf5 Bxf5 25. Qxf5 Rcd8 26. Re4 Qb2 27. Rae1 Bf8 28. Rh4 h6 29. Ree4 Rd5 30. Reg4+ Bg7 31. Qf3 Kf8 32. Rf4 R8d7 33. Rh5 Rxh5 34. Qxh5 Qxa2 35. Qf5 Rc7 36. Qd5 Re7 37. Qd8+ Re8 38. Qd7 Qxb3 39. Kg2 a5 40. h4 a4 41. Qf5 Qe6 42. Qh7 Qd5+ 43. f3 a3 44. Rg4 1-0


[Site "https://www.chess.com"]

[Event "Titled Tuesday Blitz April 11 Early 2023"]
[White "Aradhya, Garg"]
[Black "Kozin, Yuri"]
[WhiteFideId "25006746"]
[BlackFideId "4129920"]
[WhiteElo "2263"]
[BlackElo "2557"]
[Result "1-0"]
[Round "06"]
[TimeControl "180+2"]
[Date "2023.04.11"]
[WhiteClock "0:01:30"]
[BlackClock "0:00:17"]

1. d4 d5 2. c4 c6 3. Nf3 Nf6 4. Nc3 dxc4 5. a4 Bf5 6. Ne5 e6 7. f3 Bb4 8. e4 Bxe4 9. fxe4 Nxe4 10. Bd2 Qxd4 11. Nxe4 Qxe4+ 12. Qe2 Bxd2+ 13. Kxd2 Qd5+ 14. Kc2 Na6 15. Qe3 f6 16. Nxc4 Qf5+ 17. Kc3 O-O 18. Bd3 Qc5 19. Qxe6+ Kh8 20. Qd6 Qf2 21. Raf1 Qxg2 22. Rhg1 Qh3 23. Qg3 Qh6 24. Rf4 f5 25. Rxf5 Rxf5 26. Bxf5 Qf6+ 27. Qe5 Rf8 28. Qxf6 Rxf6 29. Bd3 Nc5 30. Bc2 Rf3+ 31. Kd4 Ne6+ 32. Ke5 Nf8 33. Rd1 Rf2 34. Rd8 g6 35. Rd2 Rf7 36. Nd6 Re7+ 37. Kf6 Re6+ 38. Kf7 1-0


[Site "https://www.chess.com"]

[Event "Titled Tuesday Blitz April 11 Early 2023"]
[White "Weetik, Vjacheslav"]
[Black "Odegov, Artem"]
[WhiteFideId "4153472"]
[BlackFideId "34183644"]
[WhiteElo "2469"]
[BlackElo "2300"]
[Result "0-1"]
[Round "06"]
[TimeControl "180+2"]
[Date "2023.04.11"]
[WhiteClock "0:00:02"]
[BlackClock "0:00:07"]

1. d4 d5 2. c4 e6 3. Nf3 c5 4. e3 Nc6 5. Nc3 Nf6 6. a3 dxc4 7. Bxc4 a6 8. Ba2 b5 9. O-O Bb7 10. Qe2 Qb6 11. Rd1 Rd8 12. d5 exd5 13. Nxd5 Nxd5 14. Bxd5 Be7 15. e4 O-O 16. Be3 Qc7 17. Rac1 c4 18. g3 Bd6 19. Nh4 g6 20. f4 Rfe8 21. Nf3 Bf8 22. Ng5 Rd7 23. Qg4 h5 24. Qf3 Bg7 25. e5 Rxd5 26. Rxd5 Nxe5 27. fxe5 Rxe5 28. Rcd1 Qe7 29. Rd8+ Bf8 30. Rxf8+ Kxf8 31. Rd8+ Kg7 32. Qf4 Rxe3 33. Qd4+ Re5 34. Rd7 Qxg5 35. Rxb7 Qf6 36. Qf2 Rf5 37. Qe2 Qd4+ 38. Kg2 Qd5+ 0-1


[Site "https://www.chess.com"]

[Event "Titled Tuesday Blitz April 11 Early 2023"]
[White "Jaracz, Pawel"]
[Black "Bilan, Danila"]
[WhiteFideId "1102222"]
[BlackFideId "24161918"]
[WhiteElo "2438"]
[BlackElo "2182"]
[Result "1-0"]
[Round "06"]
[TimeControl "180+2"]
[Date "2023.04.11"]
[WhiteClock "0:00:32"]
[BlackClock "0:00:03"]

1. e4 c6 2. c4 d5 3. exd5 cxd5 4. cxd5 a6 5. Nc3 Nf6 6. Bc4 b5 7. Bb3 Bb7 8. Nf3 Nxd5 9. a4 b4 10. Ne4 e6 11. d4 Nc6 12. O-O Be7 13. Bg5 Bxg5 14. Nfxg5 h6 15. Nf3 O-O 16. Nc5 Na5 17. Bc2 Nf4 18. Nxb7 Nxb7 19. Be4 Rb8 20. Ne5 Nd6 21. Bf3 Qg5 22. Nd7 Nf5 23. g3 Rfd8 24. Nxb8 Rxb8 25. Kh1 Nd5 26. Bxd5 exd5 27. Rc1 Nd6 28. Qd3 Ne4 29. Qxa6 Nxf2+ 30. Kg2 Ng4 31. Rf4 Re8 32. Rc8 Rxc8 33. Qxc8+ Kh7 34. Qxg4 1-0


[Site "https://www.chess.com"]

[Event "Titled Tuesday Blitz April 11 Early 2023"]
[White "Sharapov, Evgeny"]
[Black "Levitskiy, Andrey"]
[WhiteFideId "14103133"]
[BlackFideId "14132885"]
[WhiteElo "2367"]
[BlackElo "2341"]
[Result "1-0"]
[Round "06"]
[TimeControl "180+2"]
[Date "2023.04.11"]
[WhiteClock "0:01:12"]
[BlackClock "0:00:02"]

1. e4 e6 2. d4 d5 3. Nc3 Bb4 4. e5 c5 5. a3 Bxc3+ 6. bxc3 Qa5 7. Bd2 Qa4 8. Qb1 c4 9. Ne2 Nc6 10. Ng3 Nge7 11. Nh5 Rg8 12. Be2 Bd7 13. O-O O-O-O 14. Kh1 Rdf8 15. f4 f5 16. Rf3 Be8 17. Rg3 Bxh5 18. Bxh5 g6 19. Be2 h6 20. Rh3 Rh8 21. Qb2 Rfg8 22. Rb1 b6 23. Rg1 Nd8 24. Bd1 Nf7 25. Qb4 Qxb4 26. cxb4 g5 27. fxg5 hxg5 28. Rxh8 Rxh8 29. g3 Kc7 30. Kg2 b5 31. c3 Nc6 32. a4 bxa4 33. Bxa4 a5 34. Bxc6 Kxc6 35. bxa5 Ra8 36. Ra1 g4 37. h3 gxh3+ 38. Kxh3 Nd8 39. a6 Kb6 40. Kh4 Nf7 41. Kh5 Ka7 42. Kg6 Nd8 43. Kf6 Kb6 44. Ke7 Kc7 45. a7 Nc6+ 46. Kxe6 Nxa7 47. Kxd5 Rd8+ 48. Kxc4 Nc8 49. Bf4 Nb6+ 50. Kd3 Kc6 51. c4 Rh8 52. d5+ Kb7 53. Rb1 Ka6 54. e6 Rc8 55. Rc1 Na4 56. Ra1 1-0


[Site "https://www.chess.com"]

[Event "Titled Tuesday Blitz April 11 Early 2023"]
[White "Ljukin, Sergei"]
[Black "Korchmar, Vasiliy"]
[WhiteFideId "14102200"]
[BlackFideId "24131750"]
[WhiteElo "2312"]
[BlackElo "2370"]
[Result "0-1"]
[Round "06"]
[TimeControl "180+2"]
[Date "2023.04.11"]
[WhiteClock "0:00:34"]
[BlackClock "0:01:20"]

1. e4 c5 2. Nf3 d6 3. d4 cxd4 4. Nxd4 Nf6 5. Nc3 Nc6 6. Bc4 Qb6 7. Nb3 e6 8. Bg5 Be7 9. Bxf6 gxf6 10. Qh5 a6 11. Rf1 Ne5 12. Be2 Bd7 13. f4 Ng6 14. f5 Ne5 15. fxe6 Bxe6 16. O-O-O Rg8 17. g3 Rc8 18. Nd5 Bxd5 19. Rxd5 Qe3+ 20. Rd2 d5 21. Qf5 Rc7 22. Qf4 Qxe4 23. Bd3 Qxd3 0-1


[Site "https://www.chess.com"]

[Event "Titled Tuesday Blitz April 11 Early 2023"]
[White "Pakleza, Zbigniew"]
[Black "koncheto"]
[WhiteFideId "1119290"]
[WhiteElo "2410"]
[BlackElo "2551"]
[Result "0-1"]
[Round "06"]
[TimeControl "180+2"]
[Date "2023.04.11"]
[WhiteClock "0:00:05"]
[BlackClock "0:00:23"]

1. d4 Nf6 2. Nf3 e6 3. Bf4 c5 4. c3 d5 5. e3 Bd6 6. Bg3 Qc7 7. Nbd2 Nbd7 8. c4 dxc4 9. Nxc4 Bxg3 10. hxg3 O-O 11. Rc1 b6 12. Bd3 h6 13. O-O Bb7 14. Qe2 Rac8 15. Nfe5 Rfd8 16. Rc2 b5 17. Na3 c4 18. Qe1 Nxe5 19. dxe5 Qxe5 20. Be2 Be4 21. Bf3 Bxc2 22. Nxc2 Qxb2 23. Nd4 c3 24. Nc6 Rd7 25. Qc1 Nd5 26. Bxd5 exd5 27. Nd4 b4 28. Kh2 Qxc1 29. Rxc1 a5 30. g4 a4 31. Kg3 Rb7 32. Rb1 c2 33. Rc1 b3 34. axb3 axb3 35. Rxc2 bxc2 0-1


[Site "https://www.chess.com"]

[Event "Titled Tuesday Blitz April 11 Early 2023"]
[White "Demin, Vladimir"]
[Black "Kosteniuk, Alexandra"]
[WhiteFideId "4167457"]
[BlackFideId "4128125"]
[WhiteElo "2550"]
[BlackElo "2453"]
[Result "0-1"]
[Round "06"]
[TimeControl "180+2"]
[Date "2023.04.11"]
[WhiteClock "0:00:01"]
[BlackClock "0:00:12"]

1. e4 c6 2. d4 d5 3. e5 c5 4. dxc5 e6 5. a3 Bxc5 6. b4 Be7 7. Nf3 f6 8. Bb2 Nc6 9. c4 Nh6 10. Nbd2 O-O 11. Be2 Ng4 12. exf6 Bxf6 13. Bxf6 Qxf6 14. O-O Qg6 15. h3 Nf6 16. b5 Ne7 17. Ne5 Qh6 18. c5 Nf5 19. Ndf3 Ne4 20. Rc1 Nh4 21. c6 Nxf3+ 22. Bxf3 Nd2 23. Re1 bxc6 24. bxc6 Rb8 25. Re3 Rb2 26. c7 Qg5 27. Kh1 d4 28. Rd3 Qxe5 29. Rxd2 Rxd2 30. Qxd2 Rf7 31. Qc2 Qd6 32. Qc4 d3 33. Rd1 Rxc7 34. Qxd3 Qxd3 35. Rxd3 Kf7 36. Kh2 Ke7 37. Kg3 Bd7 38. Kf4 Rc4+ 39. Ke3 Ra4 40. Be4 h6 41. Rc3 Kd6 42. f4 Bb5 43. g4 g5 44. Kf3 gxf4 45. Bd3 Bc6+ 46. Kf2 Bd5 0-1


[Site "https://www.chess.com"]

[Event "Titled Tuesday Blitz April 11 Early 2023"]
[White "Horak, Martin"]
[Black "Tan, Zhongyi"]
[WhiteFideId "367095"]
[BlackFideId "8603642"]
[WhiteElo "2091"]
[BlackElo "2519"]
[Result "1/2-1/2"]
[Round "06"]
[TimeControl "180+2"]
[Date "2023.04.11"]
[WhiteClock "0:00:02"]
[BlackClock "0:00:03"]

1. e4 c5 2. Nf3 d6 3. d4 cxd4 4. Nxd4 Nf6 5. Nc3 g6 6. Be3 Bg7 7. f3 O-O 8. Qd2 Nc6 9. O-O-O d5 10. exd5 Nxd5 11. Nxc6 bxc6 12. Bd4 e5 13. Bc5 Be6 14. Bc4 Re8 15. h4 Qa5 16. Ne4 Qxd2+ 17. Nxd2 Nf4 18. Bxe6 Nxe6 19. Be3 f5 20. Nc4 a6 21. Rd7 Rad8 22. Rhd1 Bf6 23. g4 Rxd7 24. Rxd7 Bxh4 25. gxf5 gxf5 26. Rd6 f4 27. Bb6 Ng5 28. Rd8 Rxd8 29. Bxd8 Nxf3 30. Bxh4 Nxh4 31. Nxe5 c5 32. Nd3 f3 33. Kd2 Ng2 34. Ne5 f2 35. Ke2 Ne3 36. Kxf2 Nxc2 37. b3 Na3 38. Ke3 Kg7 39. Kd3 h5 40. Nf3 Kf6 41. Ke4 Nb5 42. Kd5 Nc3+ 43. Kxc5 Nxa2 44. Kb6 Nb4 45. Ka5 Nd3 46. Kxa6 Nc5+ 47. Kb5 Nxb3 48. Kc4 Nc1 49. Kc3 Kf5 50. Kd2 Kf4 51. Nh2 Kg3 52. Nf1+ Kf2 53. Ne3 Nb3+ 54. Kd3 Nc5+ 55. Kd4 Ne6+ 56. Ke4 h4 57. Ng4+ Kg3 58. Ne3 h3 59. Nf1+ Kg2 60. Ne3+ Kf2 61. Ng4+ Kg3 62. Ne3 Ng5+ 63. Kf5 Nf3 64. Kg6 Ne5+ 65. Kh5 Nc4 66. Nf1+ Kg2 67. Kh4 Kxf1 68. Kxh3 1/2-1/2


[Site "https://www.chess.com"]

[Event "Titled Tuesday Blitz April 11 Early 2023"]
[White "Rendle, Thomas E"]
[Black "egorchess95"]
[WhiteFideId "408760"]
[WhiteElo "2428"]
[BlackElo "2546"]
[Result "1-0"]
[Round "06"]
[TimeControl "180+2"]
[Date "2023.04.11"]
[WhiteClock "0:00:36"]
[BlackClock "0:00:07"]

1. Nf3 d5 2. e3 Nf6 3. b3 Bf5 4. Bb2 e6 5. g3 Be7 6. Bg2 O-O 7. O-O c5 8. d3 h6 9. Nbd2 Nc6 10. a3 Rc8 11. Ne5 Nxe5 12. Bxe5 b5 13. Qe2 Nd7 14. Bb2 Nb6 15. e4 dxe4 16. dxe4 Bg6 17. Rfd1 Qc7 18. Qxb5 c4 19. Be5 Qc6 20. Qxc6 Rxc6 21. Nf1 Rfc8 22. a4 a5 23. Bd4 cxb3 24. cxb3 Nd7 25. Ne3 Nc5 26. Bxc5 Rxc5 27. Nc4 Rb8 28. Rd3 f5 29. Re1 Bf6 30. exf5 exf5 31. Rd5 Rxd5 32. Bxd5+ Kh8 33. Nxa5 Bc3 34. Nc6 Rb7 35. Ne5 Bxe1 36. Nxg6+ Kh7 37. Nf8+ Kh8 38. Bxb7 1-0


[Site "https://www.chess.com"]

[Event "Titled Tuesday Blitz April 11 Early 2023"]
[White "Gurevich, Dmitry"]
[Black "Ingebretsen, Jens E"]
[WhiteFideId "2000407"]
[BlackFideId "1522965"]
[WhiteElo "2506"]
[BlackElo "2213"]
[Result "0-1"]
[Round "06"]
[TimeControl "180+2"]
[Date "2023.04.11"]
[WhiteClock "0:00:22"]
[BlackClock "0:01:02"]

1. d4 Nf6 2. c4 e6 3. Nf3 d5 4. Nc3 c5 5. cxd5 Nxd5 6. e4 Nxc3 7. bxc3 cxd4 8. cxd4 Bb4+ 9. Bd2 Bxd2+ 10. Qxd2 O-O 11. Bc4 Nd7 12. O-O b6 13. a4 Bb7 14. d5 exd5 15. Bxd5 Bxd5 16. exd5 Re8 17. Rfd1 Nc5 18. Qa2 Qd6 19. Nd4 Rad8 20. Nc6 Rd7 21. a5 b5 22. a6 Rc8 23. h3 Ne4 24. Qb2 Qc5 25. Qd4 Qxd4 26. Rxd4 Nf6 27. Rc1 Kf8 28. Rc5 b4 29. Rxb4 Rxd5 30. Rxd5 Nxd5 31. Rb8 Rxb8 32. Nxb8 Nb4 33. Nd7+ Ke7 34. Nc5 Kd6 35. Nb7+ Kd5 36. f3 Nxa6 37. Kf2 Nc5 38. Na5 Ne6 39. Ke3 f5 40. g4 f4+ 41. Kd3 Ng5 42. Ke2 Nxh3 0-1


[Site "https://www.chess.com"]

[Event "Titled Tuesday Blitz April 11 Early 2023"]
[White "Aldokhin, Ivan"]
[Black "Arpita, Mukherjee"]
[WhiteFideId "24115720"]
[BlackFideId "5056403"]
[WhiteElo "2322"]
[BlackElo "2129"]
[Result "0-1"]
[Round "06"]
[TimeControl "180+2"]
[Date "2023.04.11"]
[WhiteClock "0:00:02"]
[BlackClock "0:00:33"]

1. e4 c5 2. Nf3 d6 3. d4 cxd4 4. Nxd4 Nf6 5. Nc3 a6 6. Bc4 e6 7. Bb3 Nbd7 8. O-O Nc5 9. Qf3 Be7 10. Re1 O-O 11. Qg3 Kh8 12. Bg5 Qc7 13. Qh4 b5 14. Re3 Ng8 15. Rd1 h6 16. Bxe7 Nxe7 17. Ndxb5 axb5 18. Nxb5 Qd7 19. Rxd6 Qxb5 20. Qxe7 Ba6 21. Rd1 Rad8 22. Ree1 Rde8 23. Qd6 Nxb3 24. axb3 Rd8 25. Qxd8 Rxd8 26. Rxd8+ Kh7 27. Rd4 Qc5 28. c3 Qb5 29. b4 Qa4 30. Rd2 Bc4 31. f3 Bb3 32. Kf2 Qa7+ 33. Kg3 e5 34. Rd6 Qe7 35. Rd3 Bc4 36. Rde3 Qa7 37. h3 Qa2 38. Kf2 Qxb2+ 39. Kg3 h5 40. h4 Qa2 41. Kh3 Qf2 42. g3 f6 43. g4 Bf1+ 44. Rxf1 Qxf1+ 45. Kg3 Qg1+ 46. Kh3 Qxe3 0-1


[Site "https://www.chess.com"]